 Dungeon Crawl Stone Soup version 0.29.0-5-ge4962eb29e (webtiles) character file.

Game seed: 17142707450251937900

270515 Flugkiller the Slayer (level 18, 9/182 HPs)
             Began as a Minotaur Fighter on Aug 29, 2022.
             Was a High Priest of Qazlal.
             Quit the game on level 2 of the Depths.
             The game lasted 00:22:54 (39329 turns).

Flugkiller the Slayer (Minotaur Fighter)           Turns: 39329, Time: 00:22:55

Health: 9/182      AC: 35    Str: 20    XL:     18   Next: 99%
Magic:  6/28       EV: 16    Int:  8    God:    Qazlal [*****.]
Gold:   4685       SH: 15    Dex: 20    Spells: 17/17 levels left

rFire   + + .      SeeInvis .   a - +6 broad axe (vamp)
rCold   + . .      Faith    +   w - +2 buckler
rNeg    + . .      Spirit   .   M - +0 plate armour {Will+}
rPois   +          Reflect  .   (helmet restricted)
rElec   .          Harm     .   R - +4 cloak of Unambiguity {rF+ Dex+3}
rCorr   .          Rampage  .   k - +2 pair of gloves
Will    ++...                   U - +0 pair of boots
Stlth   ..........              Y - amulet of faith
HPRegen 0.40/turn               y - ring of Dithmenos's Regard {rPois rC+ rN+ Int+3}
MPRegen 0.21/turn               p - +4 ring of protection

@: mildly poisoned (9 -> 6), protected from fire, studying Invocations, repel
missiles
A: horns 2, retaliatory headbutt, clumsy 1
}: 3/15 runes: barnacled, abyssal, gossamer
a: Renounce Religion, Upheaval, Elemental Force, Disaster Area


You were on level 2 of the Depths.
You worshipped Qazlal.
Qazlal was extremely pleased with you.
You visited 6 branches of the dungeon, and saw 32 of its levels.
You visited the Abyss 1 time.
You also visited: Sewer, Ossuary, Bailey, Gauntlet and Ice Cave.

You collected 5238 gold pieces.
You spent 553 gold pieces at shops.

Inventory:

Hand Weapons
 a - a +6 vampiric broad axe (weapon)
   (You took it off an orc on level 5 of the Dungeon)
 b - a +2 eveningstar of distortion
   (You took it off Urug on level 1 of the Orcish Mines)
Missiles
 f - 24 javelins (quivered)
 i - 51 boomerangs
 u - 3 throwing nets
 B - 9 silver javelins
 N - 8 silver boomerangs
 X - a boomerang of dispersal
Armour
 k - a +2 pair of gloves (worn)
   (You found it on level 2 of the Dungeon)
 w - a +2 buckler (worn)
   (You took it off a tengu conjurer on level 1 of the Depths)
 J - a +1 cloak of cold resistance
   (You found it in an ice cave)
 M - a +0 plate armour of willpower (worn)
   (You took it off a minotaur in a Gauntlet)
 P - the +0 chain mail of Kawegryp {Contam Fly rElec rN++}
   (You found it in a Gauntlet)

   rElec:     It insulates you from electricity.
   rN:        It greatly protects you from negative energy.
   Fly:       It grants you flight.
   Contam:    It causes magical contamination when unequipped.
 R - the +4 cloak of Unambiguity (worn) {rF+ Dex+3}
   (You acquired it on level 13 of the Dungeon)

   Dex:       It affects your dexterity (+3).
   rF:        It protects you from fire.
 U - a +0 pair of boots (worn)
   (You found it on level 13 of the Dungeon)
Jewellery
 m - a ring of willpower
   (You found it on level 2 of the Lair of Beasts)
 p - a +4 ring of protection (right hand)
   (You found it on level 4 of the Lair of Beasts)
 v - a +4 ring of evasion
   (You found it on level 3 of the Spider Nest)
 y - the ring of Dithmenos's Regard (left hand) {rPois rC+ rN+ Int+3}
   (You found it on level 5 of the Dungeon)

   [ring of poison resistance]

   Int:       It affects your intelligence (+3).
   rC:        It protects you from cold.
   rPois:     It protects you from poison.
   rN:        It protects you from negative energy.
 Y - an amulet of faith (around neck)
   (You found it on level 5 of the Lair of Beasts)
Wands
 g - a wand of digging (1)
   (You found it on level 3 of the Dungeon)
 A - a wand of light (6)
   (You found it on level 10 of the Dungeon)
 F - a wand of charming (13)
   (You found it on level 8 of the Dungeon)
 K - a wand of iceblast (26)
   (You found it in an ice cave)
Scrolls
 j - 9 scrolls of vulnerability
 l - 6 scrolls of magic mapping
 r - 9 scrolls of identify
 t - 2 scrolls of teleportation
 z - 3 scrolls of blinking
 C - 8 scrolls of immolation
 E - 6 scrolls of fog
 G - 9 scrolls of fear
 L - 3 scrolls of silence
 O - a scroll of torment
 V - a scroll of summoning
Potions
 d - 9 potions of might
 e - 3 potions of magic
 h - a potion of haste
 n - 3 potions of resistance
 q - 7 potions of curing
 s - 2 potions of invisibility
 x - 5 potions of ambrosia
 D - 7 potions of mutation
 H - 5 potions of lignification
 I - 3 potions of berserk rage
 Q - 2 potions of flight
 W - a potion of attraction
Miscellaneous
 o - a phantom mirror
   (You found it in a Gauntlet)


   Skills:
 + Level 21.3 Fighting
 - Level 18.0 Axes
 + Level 21.3 Armour
 + Level 17.2 Dodging
 - Level 3.6 Shields
 - Level 15.0 Invocations


You had 17 spell levels left.
You didn't know any spells.
Your spell library was empty.

Dungeon Overview and Level Annotations

Branches:
Dungeon (15/15)            Temple (0/1) D:5            Lair (5/5) D:11
 Shoals (4/4) Lair:2       Spider (4/4) Lair:2        Slime (0/5) Lair:5
    Orc (2/2) D:11            Elf (0/3) Orc:2        Vaults (0/5) D:13
 Depths (2/4) D:15          Sewer (visited)         Ossuary (visited)
 Bailey (visited)           IceCv (visited)         Gauntlet (visited)

Altars:
Cheibriados
Dithmenos
Elyvilon
Kikubaaqudgha
Makhleb
Nemelex Xobeh
Qazlal
Sif Muna
Uskayaw
Vehumet
The Shining One
Jiyva

Shops:
D:3 (   D:7 ::?*   D:14 :   D:15 ?   Orc:2 =[(*

Portals:
Abyss: D:8

Annotations:
D:6 3 runed translucent doors, Camille's ghost, novice BaIE
D:8 2 transporters, Flugkiller's ghost, novice MiFi
D:9 1 runed translucent door, Plasmagod's ghost, weakling SpDe
Lair:4 exclusion: oklob plant
Spider:4 2 transporters, Ge0ff's ghost, adept MeDe
Depths:2 Saint Roka


Innate Abilities, Weirdness & Mutations

You have a pair of horns on your head.
You reflexively headbutt those who attack you in melee.
You are clumsy. (Dex -2)


Message History

The blast of rubble hits the reaper!
The reaper is lightly wounded.
The blast of rubble hits the tengu reaver!!
The tengu reaver is moderately wounded.
The blast of rubble hits the orc warrior!!
The orc warrior is almost dead.
Qazlal accepts your kill.
You feel a bit more experienced. Qazlal accepts your kill.
You feel a bit more experienced.
The cutting wind hits the tengu conjurer!!!
You kill the tengu conjurer!
Qazlal accepts your kill.
The blast of ice hits the orc warrior!!
You kill the orc warrior!
Qazlal accepts your kill.
The blast of ice hits the reaper!!
The reaper partially resists.
The reaper is severely wounded.
The reaper is flash-frozen.
The blast of rubble hits the vampire knight!
The vampire knight is moderately damaged.
The blast of ice hits Saint Roka!!
Saint Roka is moderately wounded.
Saint Roka is flash-frozen.
The blast of ice hits the green death!!
You kill the green death!
The green death disappears in a puff of smoke!
The blast of ice hits the ice dragon!
The ice dragon partially resists.
The ice dragon is lightly wounded.
The ice dragon is flash-frozen.
The cutting wind hits the vampire knight!!
The vampire knight is heavily damaged.
The blast of rubble hits the tengu reaver!!
The tengu reaver is severely wounded.
The blast of rubble hits the reaper!!
The reaper is almost dead.
You feel very sick.
The vampire knight mumbles some strange words.
The vampire knight seems to speed up.
You block the fire dragon's attack. x3
The tengu reaver points at you and mumbles some strange words.
The bolt of poison hits the fire dragon.
The bolt of poison misses you.
You slash the fire dragon!
You kill the fire dragon!
Qazlal accepts your kill.
You feel very sick.
The vampire knight points at you and mumbles some strange words.
You suddenly lose the ability to move!
You feel very sick.
You hear a shout!
The tengu reaver gestures at you while chanting.
The bolt of lightning hits you!!
Saint Roka is engulfed in poison gas.
Saint Roka is poisoned.
The vampire knight points at you and mumbles some strange words.
The vampire knight blinks!
You feel very sick.
The ice dragon is no longer encased in ice.
Saint Roka is no longer encased in ice.
The vampire knight hits you with a +1 great sword!
The vampire knight bites you but does no damage.
You feel sick.
You hear a shout!
The vampire knight draws life force from you.
The vampire knight is healed by the life force!
Saint Roka is engulfed in poison gas.
Saint Roka looks even sicker.
Saint Roka hits you with a +3 vorpal war axe.
The ice dragon breathes frost at you. The blast of cold hits you!! You resist.
A deep elf sorcerer comes into view. It is wielding a +0 dagger.
You feel sick.
Saint Roka hits you with a +3 vorpal war axe.
You feel more protected from physical attacks.
The tengu reaver hits you with a +2 long sword!
* * * LOW HITPOINT WARNING * * *
The tengu reaver pecks you but does no damage.
The tengu reaver claws you but does no damage.
You feel sick.
The vampire knight gestures wildly while chanting.
The vampire knight flickers and vanishes!
Deactivating autopickup; reactivate with Ctrl-A.
Saint Roka invokes the aid of Beogh against you.
Beogh smites you!
* * * LOW HITPOINT WARNING * * *
The deep elf sorcerer mumbles some strange words.
The deep elf sorcerer seems to speed up.
The deep elf demonologist gestures wildly while chanting.
Something hits you!!
* * * LOW HITPOINT WARNING * * *
Something bites you but does no damage.
The tengu reaver points at you and mumbles some strange words.
The bolt of fire hits you! You resist.
Your resistance to physical damage fades away.
You feel protected from fire.
* * * LOW HITPOINT WARNING * * *
You hear a sizzling sound!
You can move again.
You are too injured to fight recklessly!
You are too injured to fight recklessly!
Enter note: msafasd Unknown command.
Are you sure you want to abandon this character and quit the game? (Confirm with "yes".)

. #.......#....#..#
... #.......#....#..#
..##
...#...#.........#....
#...###...###....#..#
>#.# #.#.#......#†..#
.. #.........#..#
#.....####○.[#
#..####..{D##...QC
####.≈○.@Q2# ...
.......o##o)... .
......#e# ≈e)..
......#e. .O2... ....#
2## .o..s# .... #
#..##. ... #. ..


You could see Saint Roka (very poisoned), an ice dragon (catching breath), a
tengu reaver, a reaper (summoned), a balrug (summoned), a deep elf sorcerer
(fast), a deep elf demonologist and an orc wizard (strong).

Vanquished Creatures
  Nikola (Shoals:1)
  Arachne (Spider:3)
  Mlioglotl (Spider:3)
  2 tentacled monstrosities (Abyss:3)
  2 liches (Abyss:4)
  Agnes (Spider:2)
  A tengu reaver (Depths:2)
  Ilsuiw (Shoals:2)
  A frost giant (Depths:1)
  A deep elf sorcerer (D:14)
  6 emperor scorpions
  A ghost moth (Spider:2)
  A spriggan defender (Depths:1)
  A broodmother (Spider:4)
  4 starcursed masses
  3 very ugly things
  3 entropy weavers
  A minotaur (Gauntlet)
  A spark wasp (Spider:3)
  A fire dragon (Depths:2)
  4 merfolk javelineers
  2 merfolk impalers
  Josephine (Lair:3)
  4 ettins
  2 great orbs of eyes (Depths:2)
  A rakshasa (Depths:1)
  8 boulder beetles
  An ice dragon (Depths:2)
  2 jorogumos
  9 two-headed ogres
  A merfolk aquamancer (Shoals:1)
  2 radroaches
  7 hydras
  A merfolk avatar (Shoals:4)
  7 centaur warriors
  2 ogre magi (D:15)
  A deep troll shaman (Depths:2)
  2 satyrs
  2 alligator snapping turtles
  Urug (Orc:1)
  A death yak (Lair:1)
  3 tengu warriors (Depths:1)
  A vampire mage (Depths:2)
  6 death scarabs (Spider:4)
  2 hell hogs
  7 thrashing horrors (Abyss:4)
  2 orc high priests
  A spriggan berserker (Depths:2)
  A deep elf knight (D:13)
  5 hell knights (Depths:1)
  A sun demon (Abyss:3)
  Nergalle (Orc:2)
  7 skeletal warriors
  10 pharaoh ants
  2 sea snakes
  4 wretched stars
  2 sixfirhies
  8 steelbarb worms
  A sun moth (Spider:4)
  5 deep trolls
  3 orb spiders
  A shadow dragon zombie (D:15)
  An obsidian statue (Gauntlet)
  A glowing orange brain (Depths:2)
  2 bog bodies (IceCv)
  2 wizards
  Pikel (D:5)
  A broodmother zombie (Spider:4)
  11 harpies
  A deep elf archer (D:14)
  2 necromancers (Depths:1)
  A phantasmal warrior (Depths:2)
  3 orc knights (Orc:2)
  An iron dragon zombie (D:15)
  2 deep elf pyromancers
  4 orc sorcerers
  A tengu zombie (D:15)
  3 spectral wolf spiders (Spider:4)
  5 deep elf zephyrmancers
  9 ugly things
  12 fauns
  12 wolf spiders
  5 moths of wrath
  10 manticores
  4 cyclopes
  3 black mambas
  2 water nymphs
  9 merfolk sirens
  Joseph (D:7)
  A smoke demon (Abyss:4)
  An ice statue (IceCv)
  9 elephants
  A cane toad (shapeshifter) (D:13)
  8 torpor snails
  An apocalypse crab (Abyss:4)
  2 gargoyles (D:14)
  2 spectral redbacks (Spider:4)
  A minotaur zombie (Gauntlet)
  6 rime drakes
  4 centaur skeletons (D:13)
  5 demonic crawlers
  9 yaktaurs
  6 komodo dragons
  An anaconda simulacrum (IceCv)
  20 cane toads
  2 redback zombies (Spider:4)
  2 efreet
  5 tengu conjurers
  3 ice devils (IceCv)
  19 merfolk
  3 spectral jumping spiders (Spider:4)
  A queen bee (shapeshifter) (D:15)
  6 trolls
  4 wind drakes
  9 polar bears
  2 spectral tarantellas (Spider:4)
  16 tarantellas
  8 hornets
  14 dream sheep
  A jumping spider zombie (Spider:4)
  5 slime creatures
  Grinder (D:5)
  A spriggan zombie (D:15)
  4 tarantella zombies (Spider:4)
  4 blink frogs
  3 raiju (Abyss:3)
  8 snapping turtles
  28 jumping spiders
  2 vampires
  15 culicivoras
  3 shadows
  3 water elementals
  3 ynoxinuls (Abyss:4)
  A dire elephant simulacrum (IceCv)
  37 yaks
  14 spriggans
  6 wyverns
  6 wraiths
  A fire bat (Abyss:4)
  A steam dragon (Bailey)
  3 basilisks
  3 death yak simulacra (IceCv)
  6 chaos spawn
  43 redbacks
  A fire elemental (Lair:2)
  Grum (D:10)
  A redback (shapeshifter) (Abyss:4)
  25 vampire mosquitoes
  A neqoxec (Spider:4)
  Edmund (D:6)
  2 large abominations (Abyss:4)
  2 harpy simulacra (IceCv)
  A warg (Depths:2)
  2 acid dragons
  2 hydra simulacra (IceCv)
  2 two-headed ogre zombies (D:11)
  22 water moccasins
  22 orc warriors
  A floating eye (Depths:1)
  2 ice beasts (D:6)
  4 black bears
  2 sky beasts
  14 ogres
  32 wolves
  5 boggarts (Lair:5)
  9 centaurs
  A lemure (D:5)
  3 phantoms
  Blork the orc (Orc:2)
  3 kobold brigands
  3 necrophages
  12 bullfrogs
  3 scorpions
  5 elf skeletons (D:5)
  2 elf zombies (D:5)
  2 cane toad simulacra (IceCv)
  A gnoll sergeant (D:13)
  4 two-headed ogre simulacra (IceCv)
  3 small abominations (Abyss:3)
  11 wights
  8 killer bees
  2 troll zombies (D:11)
  3 elephant simulacra (IceCv)
  7 howler monkeys
  An electric eel (Lair:3)
  A lava snake (Lair:2)
  5 jellies
  A hound (D:6)
  16 orc priests
  2 iguanas
  22 orc wizards
  5 hell rats (Lair:1)
  A polar bear simulacrum (IceCv)
  5 spriggan simulacra (IceCv)
  8 troll simulacra (IceCv)
  2 wolf simulacra (IceCv)
  4 ogre zombies (D:11)
  8 mummies (Ossuary)
  Robin (D:2)
  12 adders
  22 gnolls
  3 naga simulacra (IceCv)
  A river rat (Sewer)
  6 white imps
  9 ufetubi
  2 worms
  A dart slug (shapeshifter) (Abyss:3)
  3 dart slugs
  53 orcs
  9 ball pythons
  2 ball pythons (shapeshifter) (Abyss:3)
  3 endoplasms (shapeshifter) (Abyss:3)
  14 endoplasms
  A giant cockroach (shapeshifter) (Abyss:3)
  9 giant cockroaches
  3 gnoll zombies (Ossuary)
  14 goblins
  16 hobgoblins
  6 jackals (D:1)
  A kobold (shapeshifter) (Abyss:3)
  23 kobolds
  4 quokkas
  A bat (shapeshifter) (Abyss:3)
  A bat (D:3)
  5 frilled lizards
  A goblin skeleton (D:11)
  5 goblin zombies (D:11)
  A hobgoblin skeleton (D:11)
  4 hobgoblin zombies
  2 kobold zombies (Ossuary)
  8 orc skeletons
  13 orc zombies
  13 rats
1231 creatures vanquished.

Vanquished Creatures (collateral kills)
  Frances (D:12)
  An emperor scorpion (Spider:4)
  An orc warlord (Orc:2)
  2 ghost moths (Spider:4)
  An entropy weaver (Spider:3)
  2 merfolk javelineers (Shoals:2)
  A merfolk impaler (Shoals:4)
  A radroach (Spider:2)
  A hydra (D:14)
  2 boulder beetles (Spider:3)
  2 death scarabs (Spider:4)
  A vampire mage (D:15)
  A pharaoh ant (Spider:2)
  A steelbarb worm (Spider:4)
  A sea snake (Shoals:2)
  5 orb spiders
  An orc knight (Orc:2)
  A harpy (Shoals:2)
  3 fauns
  2 wolf spiders
  2 merfolk sirens
  2 moths of wrath (Spider:4)
  A cyclops (D:15)
  A demonic crawler (Spider:3)
  A guardian mummy (D:15)
  4 merfolk
  A tarantella (Spider:3)
  A jumping spider (Spider:3)
  2 culicivoras
  6 redbacks
  2 orc warriors (Orc:2)
  3 orc priests (Orc:2)
  4 orcs (Orc:2)
61 creatures vanquished.

Vanquished Creatures (others)
  A lich (Abyss:4)
  A ghost moth (Spider:4)
  A fire dragon (Abyss:4)
  A great orb of eyes (Abyss:4)
  A necromancer (D:15)
  A wolf spider (Spider:3)
  A harpy (Shoals:3)
  A merfolk siren (Shoals:2)
  An orange demon (Abyss:4)
  A fire bat (Abyss:4)
  2 redbacks (Abyss:4)
  A steam dragon (Abyss:4)
  An acid dragon (Abyss:4)
  An orc (Depths:2)
  A bush (D:11)
  3 demonic plants (Gauntlet)
  22 fungi
  194 plants
  A starspawn tentacle (Abyss:3)
  6 withered plants
242 creatures vanquished.

Grand Total: 1534 creatures vanquished

Notes
Turn   | Place    | Note
-------+----------+-------------------------------------------
     0 | D:1      | Flugkiller the Minotaur Fighter began the quest for the
                  | Orb.
     0 | D:1      | Reached XP level 1. HP: 19/19 MP: 0/0
   291 | D:1      | Reached XP level 2. HP: 25/27 MP: 1/1
   478 | D:1      | Found a faded altar of an unknown god.
   769 | D:2      | Reached XP level 3. HP: 31/33 MP: 2/2
   883 | D:2      | Noticed Robin
   896 | D:2      | Killed Robin
   903 | D:2      | Reached XP level 4. HP: 17/41 MP: 3/3
  1788 | D:3      | Reached XP level 5. HP: 45/47 MP: 4/4
  1852 | D:3      | Found Otododirph's Antique Weapon Boutique.
  1902 | D:3      | Found a stormy altar of Qazlal.
  1903 | D:3      | Found a radiant altar of Vehumet.
  1903 | D:3      | Found a glowing golden altar of the Shining One.
  1912 | D:3      | Became a worshipper of Qazlal Stormbringer
  1993 | D:3      | Reached skill level 5 in Axes
  2004 | D:3      | Found a glowing drain.
  2008 | Sewer    | Entered a sewer
  2281 | Sewer    | Reached * piety under Qazlal
  2298 | Sewer    | Reached skill level 5 in Armour
  2542 | Sewer    | Found a viscous altar of Jiyva.
  2572 | Sewer    | Reached skill level 5 in Fighting
  2572 | Sewer    | Reached XP level 6. HP: 5/56 MP: 5/5
  3056 | D:3      | Found a burning altar of Makhleb.
  3056 | D:3      | Noticed a blizzard demon
  3073 | D:3      | Found an ancient bone altar of Kikubaaqudgha.
  3529 | D:4      | Reached skill level 1 in Invocations
  3859 | D:4      | Reached ** piety under Qazlal
  3979 | D:5      | Entered Level 5 of the Dungeon
  3987 | D:5      | Noticed Grinder
  3999 | D:5      | Reached XP level 7. HP: 51/61 MP: 3/7
  4010 | D:5      | Paralysed by Grinder for 5 turns
  4016 | D:5      | Killed Grinder
  4374 | D:5      | Found a sand-covered staircase.
  4383 | Ossuary  | Entered an ossuary
  4581 | Ossuary  | Reached XP level 8. HP: 62/70 MP: 9/9
  5031 | D:5      | Reached *** piety under Qazlal
  5207 | D:5      | Identified the ring of Dithmenos's Regard {rPois rC+ rN+
                  | Int+3}
  5684 | D:5      | Reached **** piety under Qazlal
  5868 | D:5      | Identified the +1 robe of the Unseen Realm {rPois rF+++
                  | Str-3}
  5909 | D:5      | Found a staircase to the Ecumenical Temple.
  5928 | D:5      | Noticed Pikel
  5940 | D:5      | Killed Pikel
  5941 | D:5      | Reached XP level 9. HP: 67/79 MP: 11/11
  6231 | D:6      | Found a hide-covered altar of Uskayaw.
  6236 | D:6      | Noticed Edmund
  6247 | D:6      | Killed Edmund
  6248 | D:6      | Reached skill level 10 in Axes
  6513 | D:6      | Found a runed translucent gate.
  6513 | D:6      | Found a runed translucent gate.
  6515 | D:6      | Found a runed translucent gate.
  6515 | D:6      | Noticed Camille's ghost (novice BaIE)
  6516 | D:6      | Identified the +8 chain mail of Tender Moments {-Tele Fly
                  | Str+4 Int+10}
  6526 | D:6      | Identified the +3 morningstar of Incongruity {freeze,
                  | *Corrode rC+ Will+ MP+9}
  6626 | D:6      | Reached skill level 5 in Invocations
  7151 | D:7      | Found Umaluef's Magic Scroll Boutique.
  7155 | D:7      | Bought a scroll of blinking for 90 gold pieces
  7155 | D:7      | Bought a scroll of enchant weapon for 90 gold pieces
  7211 | D:7      | Found Ycaorghi's Book Shoppe.
  7219 | D:7      | Noticed Joseph
  7236 | D:7      | Killed Joseph
  7518 | D:7      | Found Musel's Book Boutique.
  7561 | D:7      | Found Gageis's Assorted Antiques.
  7678 | D:8      | Found a transporter.
  7707 | D:8      | Reached XP level 10. HP: 89/90 MP: 13/13
  8176 | D:8      | Found a transporter.
  8180 | D:8      | Noticed an orange demon
  8188 | D:8      | Found a one-way gate to the infinite horrors of the Abyss.
  8374 | D:8      | Noticed Flugkiller's ghost (novice MiFi)
  8604 | D:8      | Found a shadowy altar of Dithmenos.
  8746 | D:8      | Found a sparkling altar of Nemelex Xobeh.
  8937 | D:9      | Reached ***** piety under Qazlal
  8937 | D:9      | HP: 1/86 [shadow (4)]
  9258 | D:9      | Found a runed translucent door.
  9258 | D:9      | Noticed an eight-headed hydra
  9263 | D:9      | Noticed Plasmagod's ghost (weakling SpDe)
  9473 | D:9      | Found a flagged portal.
  9523 | Bailey   | Entered a bailey
  9620 | Bailey   | Noticed a two-headed ogre
  9653 | Bailey   | Killed a two-headed ogre
  9654 | Bailey   | Reached skill level 10 in Fighting
  9654 | Bailey   | Reached XP level 11. HP: 19/99 MP: 0/15
  9993 | Bailey   | Reached skill level 10 in Armour
 10276 | D:10     | Entered Level 10 of the Dungeon
 10480 | D:10     | Noticed a two-headed ogre
 10485 | D:10     | Killed a two-headed ogre
 10508 | D:10     | Found a shimmering blue altar of Sif Muna.
 10513 | D:10     | Noticed Grum
 10525 | D:10     | Killed Grum
 10584 | D:10     | Found a white marble altar of Elyvilon.
 10592 | D:10     | Noticed a two-headed ogre
 10599 | D:10     | Killed a two-headed ogre
 11102 | D:11     | Noticed a boulder beetle
 11109 | D:11     | Killed a boulder beetle
 11198 | D:11     | Found a frozen archway.
 11214 | IceCv    | Entered an ice cave
 12735 | IceCv    | Noticed a bog body
 12738 | IceCv    | Killed a bog body
 12738 | IceCv    | Noticed a bog body
 12747 | IceCv    | Killed a bog body
 12756 | IceCv    | HP: 5/102 [constriction (2)]
 12758 | IceCv    | Reached XP level 12. HP: 5/110 MP: 11/17
 13183 | IceCv    | Reached skill level 15 in Axes
 13731 | D:11     | Identified a scroll of acquirement
 13796 | D:11     | Acquired a manual of Invocations
 13869 | D:11     | Found a staircase to the Orcish Mines.
 13984 | D:11     | Reached skill level 1 in Dodging
 14518 | D:11     | Found a staircase to the Lair.
 14884 | Lair:1   | Entered Level 1 of the Lair of Beasts
 15127 | Lair:1   | Noticed a death yak
 15137 | Lair:1   | Killed a death yak
 15138 | Lair:1   | Reached skill level 10 in Invocations
 16244 | Lair:2   | Reached XP level 13. HP: 119/119 MP: 20/20
 16262 | Lair:2   | Found a hole to the Spider Nest.
 16264 | Lair:2   | Found a staircase to the Shoals.
 16922 | Lair:3   | Reached skill level 5 in Dodging
 16932 | Lair:3   | Found a gate leading to a gauntlet.
 16953 | Gauntlet | Entered a Gauntlet
 16953 | Gauntlet | Found a transporter.
 16953 | Gauntlet | Found a transporter.
 16953 | Gauntlet | Found a transporter.
 16974 | Gauntlet | Found a transporter.
 16977 | Gauntlet | Found a transporter.
 16985 | Gauntlet | Found a transporter.
 16989 | Gauntlet | Found a transporter.
 16996 | Gauntlet | Found a transporter.
 17014 | Gauntlet | Found a transporter.
 17033 | Gauntlet | Found a transporter.
 17034 | Gauntlet | Found a transporter.
 17044 | Gauntlet | Found a transporter.
 17150 | Gauntlet | Identified the amulet "Hitru" {Acrobat Fly}
 17478 | Gauntlet | Noticed a minotaur
 17499 | Gauntlet | Killed a minotaur
 17531 | Gauntlet | Identified the +0 chain mail of Kawegryp {Contam Fly rElec
                  | rN++}
 17992 | Lair:3   | Noticed Josephine
 18013 | Lair:3   | Killed Josephine
 18144 | Lair:3   | Reached ****** piety under Qazlal
 18524 | Lair:3   | Found a snail-covered altar of Cheibriados.
 20262 | Lair:5   | Entered Level 5 of the Lair of Beasts
 20303 | Lair:5   | Reached XP level 14. HP: 123/130 MP: 22/22
 20381 | Lair:5   | Found a staircase to the Slime Pits.
 20381 | Lair:5   | Found a viscous altar of Jiyva.
 22372 | D:12     | Noticed Frances
 22381 | D:12     | Killed Frances
 22895 | D:13     | Acquired the +4 cloak of Unambiguity {rF+ Dex+3}
 23380 | D:13     | Found a gate to the Vaults.
 23945 | D:14     | Reached skill level 15 in Fighting
 24199 | D:14     | Reached XP level 15. HP: 115/141 MP: 24/24
 24405 | D:14     | Reached skill level 15 in Armour
 24578 | D:14     | Noticed a deep elf sorcerer
 24586 | D:14     | Killed a deep elf sorcerer
 24826 | D:14     | Found Muih's Book Emporium.
 25202 | D:15     | Entered Level 15 of the Dungeon
 25222 | D:15     | Reached skill level 15 in Invocations
 25236 | D:15     | Reached skill level 10 in Dodging
 25618 | D:15     | Found a staircase to the Depths.
 25960 | D:15     | Found Doga Vot's Magic Scroll Shoppe.
 25966 | D:15     | Bought a scroll of teleportation for 51 gold pieces
 25966 | D:15     | Bought a scroll of fear for 68 gold pieces
 25966 | D:15     | Bought a scroll of magic mapping for 127 gold pieces
 25966 | D:15     | Bought a scroll of magic mapping for 127 gold pieces
 27151 | Orc:1    | Entered Level 1 of the Orcish Mines
 27157 | Orc:1    | Noticed Urug
 27181 | Orc:1    | Killed Urug
 27519 | Orc:2    | Entered Level 2 of the Orcish Mines
 27611 | Orc:2    | Noticed Blork the orc
 27626 | Orc:2    | Killed Blork the orc
 27629 | Orc:2    | Noticed Nergalle
 27917 | Orc:2    | Killed Nergalle
 27975 | Orc:2    | Noticed an orc warlord
 27991 | Orc:2    | Killed an orc warlord
 27993 | Orc:2    | Found Ympucet's General Store.
 28148 | Orc:2    | Found Ykhlitt's Antique Weapon Emporium.
 28265 | Orc:2    | Found Plog's Antique Armour Emporium.
 28319 | Orc:2    | Found a staircase to the Elven Halls.
 28526 | Orc:2    | Found Healor's Jewellery Emporium.
 28796 | Spider:1 | Entered Level 1 of the Spider Nest
 28862 | Spider:1 | Reached XP level 16. HP: 133/152 MP: 26/26
 29206 | Spider:1 | Paralysed by a jorogumo for 2 turns
 29918 | Spider:3 | Noticed Agnes
 29919 | Spider:3 | Noticed Arachne
 29941 | Spider:2 | Killed Agnes
 30283 | Spider:3 | Killed Arachne
 30742 | Spider:3 | Noticed Mlioglotl
 30760 | Spider:3 | Killed Mlioglotl
 31413 | Spider:3 | Identified the +8 trident of Fortitude {vamp, rC+ Str-3
                  | Int+5}
 31724 | Spider:4 | Entered Level 4 of the Spider Nest
 32132 | Shoals:1 | Entered Level 1 of the Shoals
 32132 | Shoals:1 | Noticed Nikola
 32159 | Shoals:1 | Killed Nikola
 32160 | Shoals:1 | Reached XP level 17. HP: 117/166 MP: 17/27
 32604 | Shoals:2 | Noticed Ilsuiw
 32636 | Shoals:2 | Killed Ilsuiw
 33854 | Shoals:4 | Entered Level 4 of the Shoals
 34232 | Shoals:4 | Reached skill level 15 in Dodging
 34598 | Shoals:4 | Got a barnacled rune of Zot
 36024 | Spider:4 | Found a transporter.
 36033 | Spider:4 | Noticed Ge0ff's ghost (adept MeDe)
 36047 | Spider:4 | Found a transporter.
 36283 | Spider:4 | Reached XP level 18. HP: 178/178 MP: 28/28
 37008 | Spider:4 | Got a gossamer rune of Zot
 37110 | Abyss:3  | Cast into level 3 of the Abyss (unwielding a weapon of
                  | distortion)
 37213 | Abyss:3  | Noticed a tentacled monstrosity
 37227 | Abyss:3  | Killed a tentacled monstrosity
 37266 | Abyss:3  | Noticed a tentacled monstrosity
 37277 | Abyss:3  | Killed a tentacled monstrosity
 37446 | Abyss:4  | Killed a lich
 37472 | Abyss:4  | Noticed a lich
 37472 | Abyss:4  | Noticed a lich
 37476 | Abyss:4  | Noticed a lich
 37479 | Abyss:4  | Noticed a bone dragon
 37483 | Abyss:4  | Killed a lich
 37501 | Abyss:4  | Noticed a lich
 37501 | Abyss:4  | Noticed a lich
 37501 | Abyss:4  | Paralysed by accursed screaming for 1 turns
 37507 | Abyss:4  | Got an abyssal rune of Zot
 37514 | Abyss:4  | Noticed a lich
 37752 | Abyss:4  | Killed a lich
 37791 | Abyss:4  | HP: 5/175 [crystal guardian (16)]
 37792 | Abyss:4  | Paralysed by accursed screaming for 2 turns
 37835 | Abyss:4  | sigh
 37847 | Abyss:4  | Gained mutation: You are clumsy. (Dex -2) [a neqoxec]
 37848 | Spider:4 | Escaped the Abyss
 38700 | Depths:1 | Entered Level 1 of the Depths
 39304 | Depths:2 | Noticed Saint Roka
 39323 | Depths:2 | Paralysed by a vampire knight for 5 turns
 39328 | Depths:2 | HP: 9/182 [tengu reaver/bolt of fire (8)]
 39329 | Depths:2 | msafasd
 39329 | Depths:2 | Quit the game

Illustrated notes .# .. # . #. .# . ..#. .#.#. #... #.. #*# # #@# .#. #.# # #. ###X# ... #...# #..###.#.#..# #. X..... .# #..#.##.3.. . .. #.###.### . # ..# #.# Turn 37835 on Abyss:4: sigh

. #.......#....#..#
... #.......#....#..#
..##
...#...#.........#....
#...###...###....#..#
>#.# #.#.#......#†..#
.. #.........#..#
#.....####○.[#
#..####..{D##...QC
####.≈○.@Q2# ...
.......o##o)... .
......#e# ≈e)..
......#e. .O2... ....#
2## .o..s# .... #
#..##. ... #. ..


Turn 39329 on Depths:2: msafasd

Levels and vault maps discovered:
D:1:      eino_arrival_tree_alley, layout_loops_ring,
          dreamdust_ecumenical_altar_sealed_demon
D:2:      layout_basic, serial_curves, eino_curves_02, eino_curves_02,
          eino_curves_03, chequers_mini_garden, chequers_serial_rivers_room_a,
          uniq_robin
D:3:      layout_basic, lemuel_crystal_altar, makhleb_altar_promises_db,
          chequers_temple_overflow_statue_of_worship, serial_shops, shop,
          gup_sewer_entry_spiral
D:4:      layout_basic, saegor_snake_ambush
D:5:      corexii_shantytown, layout_basic, minmay_temple_entry_antechambers,
          nicolae_ossuary_entry_catacombs, uniq_grinder, uniq_pikel
D:6:      layout_layer_cave, overflow_temple_1_default,
          biasface_ghost_orc_armoury, uniq_edmund
D:7:      layout_basic, serial_shops, nicolae_square_shop,
          nicolae_shop_hallway_stairs, shop, nicolae_shop_hallway_plus,
          uniq_joseph
D:8:      layout_basic, nemelex_diamond_rough_becter, lemuel_doored_altar,
          gammafunk_ghost_abyssal_escape
D:9:      layout_loops_cross, enter_bailey_2, ebering_ghost_inner_flame
D:10:     layout_gridville, mainiacjoe_overflow_cross_hatched,
          lemuel_tele_altar, uniq_grum
D:11:     layout_roguey, minmay_lair_entry_grove, zombieorc2_lemuel,
          portal_ice_cave_rime
D:12:     layout_irregular_city, uniq_frances
D:13:     layout_basic, hangedman_vaults_entry_quadrant_bands
D:14:     layout_gridville, serial_shops, shop
D:15:     gammafunk_depths_entry_grave, layout_layer_cave, serial_shops, shop
Lair:1:   layout_regular_city, st_stairs_10, lemuel_fruit_tree
Lair:2:   layout_gridlike, elwin_shoals_entry_stream, spider_nest_entry_rubble,
          lightli_volcano_entry_magma_tube, grunt_megastairs_2,
          infiniplex_staircase_pool_2
Lair:3:   layout_loops_ring, gauntlet_entry_generic, kennysheep_snail_temple,
          grunt_megastairs_4, infiniplex_staircase_pool, uniq_josephine
Lair:4:   layout_regular_city, cheibrodos_lair_lostbears
Lair:5:   minmay_lair_end_enchanted_forest, layout_regular_city, slime_entry_1,
          minivault_11
Shoals:1: layout_shoals, nicolae_shoals_flooded_hall, uniq_nikola
Shoals:2: layout_shoals, uniq_ilsuiw, uniq_polyphemus
Shoals:3: layout_shoals
Shoals:4: shoals_end_grunt_garden, layout_shoals, shoals_ilsuiw_alternative,
          nicolae_shoals_wave_tunnel
Spider:1: layout_spider_delve, nicolae_spider_eight_legs
Spider:2: layout_spider_delve, guppyfry_spider_mini_3
Spider:3: layout_spider_delve, hangedman_stitches_earthworm, uniq_agnes,
          uniq_mlioglotl, uniq_arachne
Spider:4: floodkiller_spider_rune_tomb, gammafunk_ghost_berserking_beasts
Orc:1:    layout_caves, nicolae_shop_self_help, uniq_urug
Orc:2:    grunt_orc_cross, layout_diamond_mine
Depths:1: layout_long_grid, grunt_mini_vestibule, grunt_decor_fettered,
          drop_trap, minmay_fractal_squares_gapless_7
Depths:2: hangedman_pleasuredromes, pan_entry, hell_entry, uniq_saint_roka

Skill      XL: |  1  2  3  4  5  6  7  8  9 10 11 12 13 14 15 16 17 18 |
---------------+-------------------------------------------------------+-----
Axes           | 3 4 5 6 7 9 11 13 14 15 16 17 18 | 18.0
Fighting       | 4 5 6 7 8 10 11 12 13 15 16 18 19 21 | 21.3
Armour         | 4 5 6 7 8 9 11 12 13 14 16 18 19 21 | 21.3
Invocations    | 1 3 4 5 7 8 10 12 14 15 | 15.0
Dodging        | 4 7 9 11 13 15 17 | 17.2
Shields        | |  3.6

Action                   |  1- 3 |  4- 6 |  7- 9 | 10-12 | 13-15 | 16-18 || total
-------------------------+-------+-------+-------+-------+-------+-------++-------
Melee: War axe           |    50 |   182 |   199 |       |       |       ||   431
       Headbutt          |    10 |    19 |    61 |   125 |   290 |   336 ||   841
       Broad axe         |       |       |   121 |   552 |  1082 |  1213 ||  2968
Throw: Javelin           |       |       |       |     1 |       |       ||     1
Invok: Upheaval          |       |     1 |       |     8 |     3 |       ||    12
       Elemental Force   |       |       |       |       |     6 |    21 ||    27
       Disaster Area     |       |       |       |       |     1 |     3 ||     4
Evoke: Wand              |       |       |       |       |     1 |     5 ||     6
  Use: Scroll            |       |    10 |    12 |     8 |     7 |    16 ||    53
       Potion            |       |     1 |       |     2 |       |    15 ||    18
 Stab: Invisible         |       |       |       |       |     1 |    23 ||    24
       Paralysed         |       |       |       |       |     3 |    20 ||    23
       Distracted        |       |       |       |       |     1 |     6 ||     7
       Petrifying        |       |       |       |       |       |     1 ||     1
       Petrified         |       |       |       |       |       |     1 ||     1
Armor: Scale mail        |     4 |       |       |       |       |       ||     4
       Plate armour      |    35 |   121 |   142 |   262 |   463 |   813 ||  1836
Dodge: Dodged            |    18 |    36 |    57 |   134 |   381 |   878 ||  1504
       Repelled          |       |       |       |     3 |     6 |    15 ||    24
Block: Buckler           |    15 |    51 |    87 |   231 |   616 |   931 ||  1931
